 Dungeon Crawl Stone Soup version 0.30.0-29-ga12c61a403 (webtiles) character file.

Game seed: 404334447411067712

122 Gorgondantess the Vexing (level 4, 0/32 HPs)
             Began as a Vampire Enchanter on June 20, 2023.
             Was a Follower of Dithmenos.
             Slain by a sleepcap (13 damage)
             ... on level 3 of the Dungeon.
             The game lasted 00:08:26 (1549 turns).

Gorgondantess the Vexing (Vampire Enchanter)        Turns: 1549, Time: 00:08:27

Health: 0/32       AC:  5    Str: 13    XL:     4   Next: 78%
Magic:  7/7        EV:  2    Int: 19    God:    Dithmenos [*.....]
Gold:   115        SH:  0    Dex: 14    Spells: 5/7 levels left

rFire   . . .        a - +1 dagger
rCold   . . .        (no shield)
rNeg    . . .        m - +0 leather armour
rPois   .            p - +0 helmet
rElec   .            (no cloak)
rCorr   .            (no gloves)
SInv    +            n - +0 pair of boots
Will    .....        (no amulet)
Stlth   +++          g - +6 ring of strength
HPRegen 0.45/turn    (no ring)
MPRegen 0.10/turn

%: no passive effects
@: sleeping, healing quickly, wreathed by umbra
A: alive, fangs 3, see invisible, vampiric 2
a: Exsanguinate, Renounce Religion


You were on level 3 of the Dungeon.
You worshipped Dithmenos.
Dithmenos was aware of your devotion.
You visited 1 branch of the dungeon, and saw 3 of its levels.

You collected 115 gold pieces.

Inventory:

Hand Weapons
 a - a +1 dagger (weapon)
 o - a +0 sling
Missiles
 h - a throwing net (quivered)
 i - 5 javelins
Armour
 b - a +0 robe
 m - a +0 leather armour (worn)
 n - a +0 pair of boots (worn)
 p - a +0 helmet (worn)
Jewellery
 g - a +6 ring of strength (left hand)
Scrolls
 d - 3 scrolls of teleportation {unknown}
 j - a scroll of poison {unknown}
 k - a scroll of vulnerability {unknown}
 l - a scroll of identify {unknown}
Potions
 c - 3 potions of invisibility
 e - a potion of curing {unknown}
 f - a potion of flight {unknown}


   Skills:
 + Level 1.2 Fighting
 * Level 3.0 Short Blades
 + Level 2.7 Dodging
 + Level 5.2 Stealth
 + Level 2.1 Spellcasting
 + Level 5.2 Hexes
 - Level 1.0 Ice Magic


You had 5 spell levels left.
You knew the following spells:

 Your Spells              Type           Power      Damage    Failure   Level
a - Ensorcelled Hibernat  Hex/Ice        26%        N/A       9%          2

Your spell library contained the following spells:

 Spells                   Type           Power      Damage    Failure   Level
 Slow                     Hex            84%        N/A       2%          1
 Confusing Touch          Hex            21%        N/A       8%          3
 Tukima's Dance           Hex            21%        N/A       8%          3
 Sting                    Tmut/Pois      8%         1d3       22%         1
 Dazzling Flash           Conj/Hex       22%        N/A       22%         3
 Cigotuvi's Dreadful Rot  Necr/Pois/Air  4%         N/A       32%         2
 Poisonous Vapours        Pois/Air       4%         N/A       32%         2
 Ignite Poison            Fire/Tmut/Pois 2%         N/A       54%         3
 Vampiric Draining        Necr           2%         2d6       54%         3
 Olgreb's Toxic Radiance  Pois           2%         N/A       91%         4
 Freezing Cloud           Conj/Ice/Air   1%         6-21      99%         5


Dungeon Overview and Level Annotations

Branches:
Dungeon (3/15)

Altars:
Dithmenos


Innate Abilities, Weirdness & Mutations

Your natural rate of healing is accelerated.
You have razor-sharp teeth.
You have supernaturally acute eyesight. (SInv)
You are afflicted with vampirism and can become a bat while bloodless.


Message History

You hit the sleepcap.
The sleepcap is moderately damaged.
You hit the sleepcap but do no damage.
You bite the sleepcap, but do no damage.
The sleepcap is moderately damaged.
The sleepcap misses you.
You hit the sleepcap but do no damage. You bite the sleepcap.
The sleepcap is moderately damaged.
The sleepcap releases spores at you.
You hit the sleepcap.
The sleepcap is heavily damaged.
The sleepcap closely misses you.
You hit the sleepcap.
The sleepcap is heavily damaged.
The sleepcap releases spores at you.
You are engulfed in a cloud of soporific spores!
You fall asleep.
The sleepcap releases spores at you.
You wake up.
You hit the sleepcap.
The sleepcap is heavily damaged.
The sleepcap releases spores at you but does no damage.
You hit the sleepcap but do no damage.
The sleepcap is heavily damaged.
The sleepcap closely misses you.
You hit the sleepcap.
The sleepcap is severely damaged.
You hit the sleepcap but do no damage.
The sleepcap is severely damaged.
The sleepcap releases spores at you but does no damage.
You hit the sleepcap.
The sleepcap is severely damaged.
The sleepcap barely misses you.
You hit the sleepcap.
The sleepcap is severely damaged.
The sleepcap releases spores at you.
You are engulfed in a cloud of soporific spores!
You fall asleep.
The sleepcap completely misses you. The sleepcap releases spores at you!
You die...

#.# #######.#
........#######
##.........
#.B..######
###.#..##
.######...#...####
.......f#####.....
..#####.@.#.......
###.#..#####
#....# ###..# #..#
#..# #.## #
#.####..>.
#......#


You could see a sleepcap.

Vanquished Creatures
  Robin (D:3)
  5 adders (D:2)
  A worm (D:2)
  A dart slug (D:1)
  9 ball pythons
  7 endoplasms
  6 hobgoblins
  3 kobolds (D:1)
  A quokka (D:2)
  4 bats
  6 frilled lizards
  10 goblins
  4 rats
  A spectral goblin (D:2)
59 creatures vanquished.

Notes
Turn   | Place    | Note
-------+----------+-------------------------------------------
     0 | D:1      | Gorgondantess the Vampire Enchanter began the quest for the
                  | Orb.
     0 | D:1      | Reached XP level 1. HP: 13/13 MP: 3/3
   133 | D:1      | Reached XP level 2. HP: 19/19 MP: 5/5
   139 | D:1      | Learned a level 2 spell: Ensorcelled Hibernation
   613 | D:2      | Gained mutation: You are afflicted with vampirism and can
                  | become a bat while bloodless. [Vampire growth]
   613 | D:2      | Reached XP level 3. HP: 25/25 MP: 6/6
   750 | D:2      | Reached skill level 5 in Stealth
   840 | D:2      | Reached skill level 5 in Hexes
   850 | D:2      | Reached XP level 4. HP: 31/31 MP: 7/7
  1101 | D:2      | Found a faded altar of an unknown god.
  1127 | D:2      | Reached skill level 1 in Fighting
  1130 | D:2      | Prayed at the altar of an unknown god.
  1130 | D:2      | Became a worshipper of Dithmenos the Shadowed
  1130 | D:2      | Reached * piety under Dithmenos
  1243 | D:3      | Noticed Robin
  1401 | D:3      | Reached skill level 1 in Ice Magic
  1446 | D:3      | Killed Robin
  1549 | D:3      | Slain by a sleepcap

Illustrated notes

Levels and vault maps discovered:
D:1:      spicycebolla_green_bress_n_ham_2, layout_basic, minmay_bisected
D:2:      layout_rooms, dreamdust_ecumenical_altar_drowned_temple,
          grunt_decor_one_mirror
D:3:      layout_loops_ring, mainiacjoe_overflow_brackets, uniq_terence,
          uniq_sigmund, uniq_robin

Skill      XL: |  1  2  3  4 |
---------------+-------------+-----
Short Blades   | 2 3 |  3.0
Stealth        | 5 |  5.2
Hexes          | 5 |  5.2
Fighting       | 1 |  1.2
Ice Magic      | 1 |  1.0
Dodging        | |  2.7
Spellcasting   | |  2.1

Action                     |  1- 3 |  4- 6 || total
---------------------------+-------+-------++-------
  Melee: Dagger            |    81 |    90 ||   171
         Bite              |     4 |    11 ||    15
   Cast: Ensorcelled Hiber |     4 |     2 ||     6
   Stab: Sleeping          |    15 |     2 ||    17
 Armour: Robe              |     8 |       ||     8
         Leather armour    |       |    24 ||    24
  Dodge: Dodged            |    53 |    65 ||   118
